 Dungeon Crawl Stone Soup version 0.22.0-60-ga52c2fcf6e (webtiles) character file.

224 JedernureinKreuz the Conjurer (level 6, 0/44 HPs)
             Began as a Gnoll Conjurer on Sept 9, 2018.
             Was an Initiate of Sif Muna.
             Killed from afar by an orc wizard (6 damage)
             ... with a magic dart
             ... on level 4 of the Dungeon.
             The game lasted 00:10:19 (3325 turns).

JedernureinKreuz the Conjurer (Gnoll Conjurer)      Turns: 3325, Time: 00:10:19

Health: 0/44       AC:  4    Str: 10    XL:     6   Next: 0%
Magic:  8/13       EV: 14    Int: 19    God:    Sif Muna [......]
Gold:   132        SH:  0    Dex: 16    Spells: 14/15 levels left

rFire    . . .     SeeInvis .   h - +0 short sword
rCold    . . .     Gourm    .   (no shield)
rNeg     . . .     Faith    .   m - +0 leather armour
rPois    .         Spirit   .   (no helmet)
rElec    .         Reflect  .   p - +0 cloak
rCorr    .         Harm     .   (no gloves)
MR       .....                  (no boots)
Stlth    +++.......             (no amulet)
HPRegen  0.14/turn              (no ring)
MPRegen  0.13/turn              (no ring)

@: no status effects
A: distributed training, fangs 1, strong nose
a: Renounce Religion


You were on level 4 of the Dungeon.
You worshipped Sif Muna.
Sif Muna was noncommittal.
You were not hungry.

You visited 1 branch of the dungeon, and saw 4 of its levels.

You collected 132 gold pieces.

Inventory:

Hand Weapons
 b - a +0 dagger
 h - a +0 short sword (weapon)
 q - a +2 hand axe of electrocution
 r - a +2 falchion of flaming
Missiles
 i - 35 sling bullets
 j - 20 stones (quivered)
 k - 67 bolts
 l - 13 arrows
Armour
 a - a +0 robe
 m - a +0 leather armour (worn)
 p - a +0 cloak (worn)
Scrolls
 d - 2 scrolls of blinking {unknown}
 f - 3 scrolls of remove curse {unknown}
 g - 3 scrolls of enchant weapon {unknown}
 n - 4 scrolls of teleportation {unknown}
 o - 2 scrolls of identify {unknown}
Potions
 e - 3 potions of brilliance {unknown}
 s - a potion of haste {unknown}
Comestibles
 c - 5 rations


   Skills:
 + Level 1.6 Fighting
 + Level 1.6 Short Blades
 + Level 1.6 Long Blades
 + Level 1.6 Axes
 + Level 1.6 Maces & Flails
 + Level 1.6 Polearms
 + Level 1.6 Staves
 + Level 1.6 Slings
 + Level 1.6 Bows
 + Level 1.6 Crossbows
 + Level 1.6 Throwing
 + Level 1.6 Armour
 + Level 4.8 Dodging
 + Level 4.5 Stealth
 + Level 1.6 Shields
 + Level 1.6 Unarmed Combat
 + Level 5.2 Spellcasting
 + Level 7.2 Conjurations
 + Level 1.3 Hexes
 + Level 1.3 Charms
 + Level 1.3 Summonings
 + Level 1.3 Necromancy
 + Level 1.3 Translocations
 + Level 1.3 Transmutations
 + Level 1.3 Fire Magic
 + Level 1.3 Ice Magic
 + Level 1.3 Air Magic
 + Level 1.3 Earth Magic
 + Level 1.3 Poison Magic
 + Level 1.9 Invocations
 + Level 1.6 Evocations


You had 14 spell levels left.
You knew the following spells:

 Your Spells              Type           Power        Failure   Level  Hunger
a - Magic Dart            Conj           ####         1%          1    None

Your spell library contained the following spells:

 Spells                   Type           Power        Failure   Level  Hunger
 Searing Ray              Conj           ####..       1%          2    None
 Dazzling Spray           Conj/Hex       ###...       9%          3    ##.....
 Iskenderun's Mystic Bla  Conj           ####....     9%          4    ####...
 Force Lance              Conj/Tloc      ###.....     26%         4    ####...
 Fulminant Prism          Conj/Hex       ###.......   26%         4    ####...


Dungeon Overview and Level Annotations

Branches:
Dungeon (4/15)             Temple (0/1) D:4

Altars:
Ashenzari
Cheibriados
Sif Muna
Yredelemnul

Annotations:
D:4 Natasha


Innate Abilities, Weirdness & Mutations

Your experience applies equally to all skills.
You have very sharp teeth.
Your uncanny sense of smell can sniff out nearby items.


Message History

The orc wizard closely misses you.
The orc wizard gestures at you while chanting.
The magic dart hits you!
* * * LOW HITPOINT WARNING * * *
Natasha growls.
You feel yourself speed up. The hound bites you but does no damage.
Natasha mumbles some strange words.
The hound misses you. The orc wizard barely misses you.
Natasha wildly gestures.
You feel troubled.
The crimson imp shouts, "Return whence thou came, thou craven ill-nurtured The orc wizard hits you with a dagger.
* * * LOW HITPOINT WARNING * * *
The orc wizard gestures wildly while chanting.
The orc wizard blinks!
The orc wizard casts a spell at you. The magic dart hits you!
You die...

.###....# #.#.#.#
#..# ...#....#
##.#.## #o5#
...'...[# #.###.#
#..# +###....#
##.#.## #oh#
###..###.#.#.###..#
#..........#.o.5#
#.......#..#....#
#.........####ho..#
...#######....o@....#
.. #..........# .
#..........#
#.[........#
#########+##


You could see a hound, 2 orc wizards, Natasha, 2 crimson imps and 2 orcs.

Vanquished Creatures
  An orc priest (D:3)
  An iguana (D:3)
  An orc wizard (D:3)
  2 worker ants
  4 adders
  A worm (D:3)
  4 dart slugs
  2 leopard geckos
  6 orcs
  3 giant cockroaches
  2 gnoll zombies (D:3)
  3 goblins
  6 hobgoblins
  3 kobolds (D:1)
  A bat (D:2)
  2 frilled lizards
  2 rats
44 creatures vanquished.

Notes
Turn   | Place    | Note
-------+----------+-------------------------------------------
     0 | D:1      | JedernureinKreuz the Gnoll Conjurer began the quest for the
                  | Orb.
     0 | D:1      | Reached XP level 1. HP: 13/13 MP: 6/6
   265 | D:1      | Reached XP level 2. HP: 19/19 MP: 5/7
   702 | D:2      | Reached XP level 3. HP: 25/25 MP: 3/9
   706 | D:2      | Found a snail-covered altar of Cheibriados.
   724 | D:2      | Reached skill level 5 in Spellcasting
   752 | D:2      | Found a shattered altar of Ashenzari.
   818 | D:2      | Reached skill level 1 in Invocations
   989 | D:2      | Reached skill level 1 in Fighting
   989 | D:2      | Reached skill level 1 in Short Blades
   989 | D:2      | Reached skill level 1 in Long Blades
   989 | D:2      | Reached skill level 1 in Axes
   989 | D:2      | Reached skill level 1 in Maces & Flails
   989 | D:2      | Reached skill level 1 in Polearms
   989 | D:2      | Reached skill level 1 in Staves
   989 | D:2      | Reached skill level 1 in Slings
   989 | D:2      | Reached skill level 1 in Bows
   989 | D:2      | Reached skill level 1 in Crossbows
   989 | D:2      | Reached skill level 1 in Throwing
   989 | D:2      | Reached skill level 1 in Armour
   989 | D:2      | Reached skill level 1 in Shields
   989 | D:2      | Reached skill level 1 in Unarmed Combat
   989 | D:2      | Reached skill level 1 in Evocations
   989 | D:2      | Reached XP level 4. HP: 32/32 MP: 7/11
  1182 | D:2      | Found a deep blue altar of Sif Muna.
  1185 | D:2      | Became a worshipper of Sif Muna the Loreminder
  1366 | D:3      | Reached skill level 1 in Hexes
  1366 | D:3      | Reached skill level 1 in Charms
  1366 | D:3      | Reached skill level 1 in Summonings
  1366 | D:3      | Reached skill level 1 in Necromancy
  1366 | D:3      | Reached skill level 1 in Translocations
  1366 | D:3      | Reached skill level 1 in Transmutations
  1366 | D:3      | Reached skill level 1 in Fire Magic
  1366 | D:3      | Reached skill level 1 in Ice Magic
  1366 | D:3      | Reached skill level 1 in Air Magic
  1366 | D:3      | Reached skill level 1 in Earth Magic
  1366 | D:3      | Reached skill level 1 in Poison Magic
  1621 | D:3      | Reached XP level 5. HP: 28/37 MP: 5/12
  2195 | D:3      | Found a basalt altar of Yredelemnul.
  2877 | D:4      | Found a staircase to the Ecumenical Temple.
  3305 | D:4      | Noticed Natasha
  3306 | D:4      | Reached XP level 6. HP: 44/44 MP: 5/13
  3325 | D:4      | Killed from afar by an orc wizard

Skill      XL: |  1  2  3  4 |
---------------+-------------+-----
Spellcasting   | 5 |  5.2
Invocations    | 1 |  1.9
Fighting       | 1 |  1.6
Short Blades   | 1 |  1.6
Long Blades    | 1 |  1.6
Axes           | 1 |  1.6
Maces & Flails | 1 |  1.6
Polearms       | 1 |  1.6
Staves         | 1 |  1.6
Slings         | 1 |  1.6
Bows           | 1 |  1.6
Crossbows      | 1 |  1.6
Throwing       | 1 |  1.6
Armour         | 1 |  1.6
Shields        | 1 |  1.6
Unarmed Combat | 1 |  1.6
Evocations     | 1 |  1.6
Hexes          | 1 |  1.3
Charms         | 1 |  1.3
Summonings     | 1 |  1.3
Necromancy     | 1 |  1.3
Translocations | 1 |  1.3
Transmutations | 1 |  1.3
Fire Magic     | 1 |  1.3
Ice Magic      | 1 |  1.3
Air Magic      | 1 |  1.3
Earth Magic    | 1 |  1.3
Poison Magic   | 1 |  1.3
Dodging        | |  4.8
Stealth        | |  4.5
Conjurations   | |  7.2

Action                   |  1- 3 |  4- 6 || total
-------------------------+-------+-------++-------
Melee: Short sword       |    14 |    16 ||    30
       Bite              |     2 |     3 ||     5
       Dagger            |     1 |       ||     1
 Cast: Magic Dart        |    32 |    95 ||   127
 Stab: Sleeping          |     2 |       ||     2
  Eat: Chunk             |       |     7 ||     7
Armor: Leather armour    |       |    16 ||    16
Dodge: Dodged            |    17 |    47 ||    64
